AoeStats
← naphtaligrauer16

Arena

507360268Analyzed
2v2 RM · 15d ago on Sep 17, 2026· 34m 14s· 4 players
Game mode
Random Map
Map size
Medium (4 player)
Population
200
Speed
Normal
Resources
Standard
Victory
Conquest
Starting age
Dark Age
Ending age
Imperial Age
RankedLock teamsTeams togetherTeam positionsShared explorationLock speedFull tech treeHidden civsTurbo modeCheats
Victory
Defeat
🇩🇪 Bulgarians · Germany
1710
+12
🇩🇪 Turks · Germany
1537
+18
🇫🇷 Turks · France
1624
-16
🇫🇷 Persians · France
1582
-14
76nateK
10:54 Feudal Age
14:51 Castle Age
12:54 Double-Bit Axe
12:51 Horse Collar
19:06 Imperial Age
17:49 Gold Mining
19:53 Padded Archer Armor
23:01 Leather Archer Armor
23:49 Bow Saw
27:07 Scale Barding Armor
28:24 Bloodlines
29:46 Chain Barding Armor
29:37 Forging
30:06 Husbandry
31:23 Plate Barding Armor
33:53 Man-at-Arms
34:34 Squires
Ketan67
10:44 Feudal Age
11:23 Double-Bit Axe
11:23 Horse Collar
23:01 Loom
23:28 Fletching
28:32 Castle Age
31:25 Wheelbarrow
30:36 Town Watch
31:50 Coinage
32:10 Scale Barding Armor
32:16 Forging
32:26 Gold Mining
33:56 Bloodlines
33:46 Husbandry
34:43 Gold Shaft Mining
ArabiaHaterNr.1
11:29 Feudal Age
12:24 Double-Bit Axe
12:28 Horse Collar
15:16 Castle Age
20:44 Loom
21:48 Fletching
22:22 Bodkin Arrow
22:50 Bow Saw
22:52 Padded Archer Armor
23:50 Wheelbarrow
23:05 Town Watch
24:08 Leather Archer Armor
23:17 Elite Skirmisher
26:19 Ballistics
29:22 Pikeman
30:15 Scale Mail Armor
31:43 Squires
32:21 Chain Mail Armor
33:29 Forging
naphtaligrauer16
10:57 Feudal Age
14:39 Castle Age
12:35 Horse Collar
15:43 Double-Bit Axe
17:12 Bow Saw
18:35 Loom
22:41 Heavy Plow
28:04 Wheelbarrow
27:21 Gold Mining
33:05 Imperial Age
30:50 Fletching
31:01 Padded Archer Armor
31:34 Town Watch
32:04 Hand Cart
32:15 Bodkin Arrow
32:35 Leather Archer Armor
34:15 Parthian Tactics
33:53 Bracer
34:23 Ring Archer Armor
34:29 Sipahi
Connection lost

Rejoining the realm…

Still unreachable

The connection could not be restored.

Session expired

The server has moved on; the page needs a fresh start.